 Dungeon Crawl Stone Soup version 0.29-a0-322-g68df515428 (webtiles) character file.

Game seed: 18365095756934877904

933 kae the Firebug (level 8, 0/46 HPs)
             Began as a Tengu Fire Elementalist on Apr 5, 2022.
             Was an Initiate of Vehumet.
             Slain by a steam dragon (11 damage)
             ... on level 6 of the Dungeon on Apr 6, 2022.
             The game lasted 00:04:10 (7314 turns).

kae the Firebug (Tengu Fire Elementalist)           Turns: 7314, Time: 00:04:10

Health: 0/46       AC:  2    Str:  9    XL:     8   Next: 11%
Magic:  7/14       EV: 16    Int: 18    God:    Vehumet [......]
Gold:   216        SH:  0    Dex: 14    Spells: 5/14 levels left

rFire   . . .      SeeInvis .   e - +2 dagger (protect)
rCold   . . .      Faith    .   (no shield)
rNeg    . . .      Spirit   .   a - +0 robe
rPois   .          Reflect  .   (helmet restricted)
rElec   .          Harm     .   (no cloak)
rCorr   +          Rampage  .   (no gloves)
Will    .....                   (boots unavailable)
Stlth   ++........              (no amulet)
HPRegen 0.15/turn               l - ring of resist corrosion
MPRegen 0.14/turn               (no ring)

@: flying quickly and evasively, quick
A: beak, talons 3, nimble flight
a: Renounce Religion


You were on level 6 of the Dungeon.
You worshipped Vehumet.
Vehumet was noncommittal.
You visited 2 branches of the dungeon, and saw 7 of its levels.

You collected 355 gold pieces.
You spent 139 gold pieces at shops.

Inventory:

Hand Weapons
 d - a +0 dagger
 e - a +2 dagger of protection (weapon)
Armour
 a - a +0 robe (worn)
 c - a +1 pair of gloves
Jewellery
 l - a ring of resist corrosion (left hand)
 s - a ring of positive energy
Wands
 n - a wand of polymorph (5)
Scrolls
 m - 2 scrolls of teleportation
 q - a scroll of fear
 t - a scroll of brand weapon {unknown}
 v - a scroll of holy word {unknown}
 w - a scroll of fog
 x - a scroll of enchant armour {unknown}
Potions
 b - 4 potions of magic
 f - a potion of invisibility
 g - 2 potions of lignification
 h - 4 potions of mutation
 i - a potion of might
 j - 2 potions of flight {unknown}
 k - 2 potions of haste {unknown}
 o - 2 potions of berserk rage {unknown}
 p - 2 potions of degeneration {unknown}
 r - 2 potions of attraction {unknown}
 u - 2 potions of brilliance {unknown}


   Skills:
 + Level 3.0 Fighting
 + Level 3.4 Armour
 + Level 4.1 Dodging
 - Level 2.0 Stealth
 + Level 3.6 Spellcasting
 + Level 4.4 Conjurations
 * Level 6.3 Fire Magic


You had 5 spell levels left.
You knew the following spells:

 Your Spells              Type           Power      Damage    Failure   Level
a - Foxfire               Conj/Fire      88%        2x1d8     1%          1
b - Scorch                Fire           52%        2d8       1%          2
c - Conjure Flame         Conj/Fire      22%        6-21      4%          3
d - Inner Flame           Hex/Fire       14%        N/A       13%         3

Your spell library contained the following spells:

 Spells                   Type           Power      Damage    Failure   Level
 Flame Wave               Conj/Fire      22%        2d7       17%         4
 Dazzling Flash           Conj/Hex       22%        N/A       19%         3
 Iskenderun's Mystic Bla  Conj/Tloc      11%        2d4       52%         4
 Leda's Liquefaction      Hex/Erth       1%         N/A       83%         4
 Lee's Rapid Deconstruct  Erth           1%         3d5*      99%         5
 Starburst                Conj/Fire      11%        6d5       95%         6
 Statue Form              Tmut/Erth      2%         N/A       100%        6


Dungeon Overview and Level Annotations

Branches:
Dungeon (6/15)             Temple (1/1) D:4

Altars:
Ashenzari
Cheibriados
Elyvilon
Fedhas
Gozag
Hepliaklqana
Kikubaaqudgha
Makhleb
Nemelex Xobeh
Okawaru
Qazlal
Ru
Sif Muna
Trog
Uskayaw
Vehumet
Wu Jian
Xom
Yredelemnul
Zin
The Shining One

Shops:
D:3 *


Innate Abilities, Weirdness & Mutations

You have a beak for a mouth.
You have claws for feet.
Your magical nature lets you fly swiftly and evasively.


Message History

The foxfire hits the jelly!
The jelly is heavily wounded.
The jelly quivers.
Casting: Foxfire (safe; 1% risk of failure)
Confirm with . or Enter, or press ? or * to list all spells.
You conjure some foxfire!
The foxfire hits the jelly.
The jelly is severely wounded.
The foxfire hits the jelly.
You kill the jelly!
Vehumet accepts your kill.
Casting: Foxfire (safe; 1% risk of failure)
Confirm with . or Enter, or press ? or * to list all spells.
You conjure some foxfire!
Casting: Foxfire (safe; 1% risk of failure)
Confirm with . or Enter, or press ? or * to list all spells.
You conjure some foxfire!
The foxfire hits the steam dragon.
The steam dragon is moderately wounded.
The steam dragon breathes steam at you. The ball of steam misses you.
Your foxfire dissipates!
You are engulfed in a cloud of scalding steam.
The foxfire hits the steam dragon but does no damage.
The steam dragon is moderately wounded.
The foxfire hits the steam dragon.
The steam dragon is heavily wounded.
Casting: Foxfire (safe; 1% risk of failure)
Confirm with . or Enter, or press ? or * to list all spells.
Flames lash the steam dragon.
The steam dragon is heavily wounded.
The steam dragon's fire resistance burns away.
You are engulfed in a cloud of scalding steam.
You are engulfed in a cloud of scalding steam.
* * * LOW HITPOINT WARNING * * *
Casting: Scorch (safe; 1% risk of failure)
Confirm with . or Enter, or press ? or * to list all spells.
Flames lash the steam dragon.
The steam dragon is burned terribly!
The steam dragon is almost dead.
The steam dragon bites you!
You die...

..# . ... ..
..## ... ###
... ....#.. ..
....... .###.#.
.......#.§.....
......D@...(...
........§§§#..#
$...#.#.......#
......[..#.....
# ##. ...####.#
.....#. # ..
.....
#...##.#..


You could see a steam dragon (combustible).

Vanquished Creatures
  A sky beast (D:5)
  An ogre (D:5)
  2 phantoms (D:5)
  2 scorpions (D:5)
  5 hounds
  2 jellies
  Jessica (D:2)
  An iguana (D:5)
  Natasha (D:2)
  Robin (D:1)
  4 gnolls (D:3)
  A river rat (D:3)
  5 adders
  A shadow imp (D:5)
  A white imp (D:5)
  5 orcs
  6 endoplasms
  9 giant cockroaches
  17 goblins
  8 hobgoblins
  4 jackals (D:3)
  4 kobolds
  4 quokkas
  7 ball pythons
  5 bats
  2 frilled lizards
  5 rats
105 creatures vanquished.

Vanquished Creatures (others)
  242 foxfires
242 creatures vanquished.

Grand Total: 347 creatures vanquished

Notes
Turn   | Place    | Note
-------+----------+-------------------------------------------
     0 | D:1      | kae the Tengu Fire Elementalist began the quest for the
                  | Orb.
     0 | D:1      | Reached XP level 1. HP: 10/10 MP: 4/4
   530 | D:1      | Reached XP level 2. HP: 15/15 MP: 3/6
   596 | D:1      | Learned a level 2 spell: Scorch
   895 | D:1      | Found a faded altar of an unknown god.
  1390 | D:1      | Reached XP level 3. HP: 17/20 MP: 0/7
  1833 | D:2      | Identified the +2 helmet of Tosudy {rN+ Int+2 Dex-5}
  1833 | D:2      | Noticed Robin
  1929 | D:1      | Reached skill level 4 in Fire Magic
  2130 | D:1      | Killed Robin
  2255 | D:2      | Reached skill level 1 in Armour
  2451 | D:2      | Reached XP level 4. HP: 15/24 MP: 2/8
  2586 | D:2      | Found a hide-covered altar of Uskayaw.
  2845 | D:2      | Noticed Jessica
  2850 | D:2      | Killed Jessica
  2851 | D:2      | Reached skill level 1 in Fighting
  3087 | D:2      | Noticed Natasha
  3091 | D:2      | Killed Natasha
  3225 | D:3      | Gained mutation: Your magical nature lets you fly swiftly
                  | and evasively. [Tengu growth]
  3225 | D:3      | Reached XP level 5. HP: 29/29 MP: 7/9
  3225 | D:3      | Found Cohoyluaho's Assorted Antiques.
  3233 | D:3      | Bought a lumpy amethyst potion for 26 gold pieces
  3233 | D:3      | Bought a scroll labelled HIOBLU ONYCWA for 29 gold pieces
  3233 | D:3      | Bought a silvery potion for 26 gold pieces
  3233 | D:3      | Bought a scroll of identify for 58 gold pieces
  3694 | D:3      | Learned a level 3 spell: Conjure Flame
  3698 | D:3      | Learned a level 3 spell: Inner Flame
  3913 | D:3      | Reached XP level 6. HP: 23/34 MP: 9/11
  4154 | D:3      | Reached skill level 5 in Fire Magic
  4390 | D:4      | Found a staircase to the Ecumenical Temple.
  4424 | Temple   | Entered the Ecumenical Temple
  4842 | Temple   | Became a worshipper of Vehumet
  5254 | D:4      | Found a stormy altar of Qazlal.
  5759 | D:5      | Entered Level 5 of the Dungeon
  6042 | D:5      | Reached XP level 7. HP: 34/40 MP: 5/12
  6577 | D:5      | Reached skill level 6 in Fire Magic
  6698 | D:5      | Reached XP level 8. HP: 21/45 MP: 6/14
  7314 | D:6      | Slain by a steam dragon

Illustrated notes

Levels and vault maps discovered:
D:1:      dpeg_arrival_short_road, layout_loops_corners,
          nicolae_ecumenical_snake_handling, minmay_indecisive_spiral
D:2:      layout_basic, basic_altar, uniq_jessica, uniq_natasha, uniq_robin
D:3:      layout_rooms, portal_sewer_entry_b, serial_shops, shop, st_stairs_12,
          minmay_liquid_box, minmay_misc_feat_plants
D:4:      layout_gridville, mainiacjoe_overflow_tiny_flanked,
          minmay_temple_entry_waves
D:5:      layout_loops_corners
D:6:      layout_basic, serial_shops, nicolae_shop_window_shopping,
          grunt_decor_cap
Temple:   mainiacjoe_temple_big_plus

Skill      XL: |  1  2  3  4  5  6  7  8 |
---------------+-------------------------+-----
Conjurations   | 2 3 4 |  4.4
Fire Magic     | 4 5 6 |  6.3
Armour         | 1 2 3 |  3.4
Fighting       | 1 2 3 |  3.0
Dodging        | 3 4 |  4.1
Spellcasting   | 3 |  3.6
Stealth        | |  2.0

Action                   |  1- 3 |  4- 6 |  7- 9 || total
-------------------------+-------+-------+-------++-------
Melee: Unarmed           |    13 |       |       ||    13
       Dagger            |    22 |    22 |     2 ||    46
       Peck              |     8 |     7 |       ||    15
       Kick              |     6 |     7 |       ||    13
 Cast: Foxfire           |    44 |    76 |    31 ||   151
       Scorch            |    20 |    14 |    21 ||    55
  Use: Scroll            |     1 |     8 |       ||     9
       Potion            |       |     1 |       ||     1
 Stab: Sleeping          |       |     2 |       ||     2
       Invisible         |       |     3 |       ||     3
Armor: Robe              |     9 |     6 |     1 ||    16
Dodge: Dodged            |    31 |    52 |    22 ||   105

Table legend: (Time is in decaauts)
 A = Elapsed time spent in this place.
 B = Non-inter-level travel time spent in this place.
 C = Inter-level travel time spent in this place.
 D = Time resting spent in this place.
 E = Time spent auto-exploring this place.
 F = Levels seen in this place.
 G = Mean time per level.
                   A        B        C        D        E       F      G
               +--------+--------+--------+--------+--------+-----+--------+
         Total |   7097 |   6948 |    149 |    544 |   5611 |   7 | 1013.9 |
       Dungeon |   6691 |   6594 |     97 |    544 |   5262 |   6 | 1115.2 |
        Temple |    406 |    354 |     52 |      0 |    348 |   1 |  406.0 |
               +--------+--------+--------+--------+--------+-----+--------+

Top non-repeatable levels by time:
     D:1: 2401 daAuts
     D:5: 1470 daAuts
     D:3: 1056 daAuts
     D:4: 950 daAuts
     D:2: 800 daAuts
  Temple: 406 daAuts
     D:6: 10 daAuts
